 Dungeon Crawl Stone Soup version 0.30-a0-596-g0af90f9a20 (webtiles) character file.

Game seed: 18056977079892336133

457068 themarg the Hoplite (level 24, -6/195 HPs)
             Began as a Gnoll Transmuter on Jan 4, 2023.
             Was an Initiate of Gozag.
             Splashed by an acid blob's acid (10 damage)
             ... on level 4 of the Depths on Jan 6, 2023.
             The game lasted 09:20:36 (88970 turns).

themarg the Hoplite (Gnoll Transmuter)             Turns: 88970, Time: 09:20:37

Health: -6/195     AC: -14   Str: 11      XL:     24   Next: 41%
Magic:  24/44      EV: 21    Int: 17 (18) God:    Gozag
Gold:   3429       SH:  0    Dex: 16      Spells: 15/58 levels left

rFire   + . .      SeeInvis +      - Unarmed
rCold   + + .      Faith    .    (shield currently unavailable)
rNeg    . . .      Spirit   .    W - +3 leather armour {rPois}
rPois   +          Reflect  .    Q - +2 helmet
rElec   +          Harm     .    z - scarf {rC+ rF+}
rCorr   .          Rampage  .    (gloves currently unavailable)
Will    ++...                    d - +2 pair of boots
Stlth   ++++++                   I - amulet "Jeon" {RegenMP rPois rC+}
HPRegen 0.52/turn                T - ring "Dit Efir" {rElec Will+}
MPRegen 0.69/turn                A - ring of see invisible

@: blade hands (expiring), corroded, gold aura, slightly contaminated, studying
Shields
A: fangs 1, strong nose, distributed training, iridescent scales 1,
deterioration 1, dopey 1, mutation resistance 1
}: 2/15 runes: barnacled, gossamer
a: End Transformation, Renounce Religion, Potion Petition, Call Merchant, Bribe
Branch


You were on level 4 of the Depths.
You worshipped Gozag.
Gozag was most pleased with you.
You had blades for hands.
You visited 10 branches of the dungeon, and saw 47 of its levels.
You visited the Abyss 1 time.
You also visited: Gauntlet.

You collected 24147 gold pieces.
You spent 3258 gold pieces at shops.
You paid 17460 gold pieces to Gozag.

Inventory:

Hand Weapons
 a - the +10 long sword "Lufuy" (melded) {freeze, rF+ rN+ rCorr Str-4}
   (You took it off an ironbound convoker on level 3 of the Vaults)

   Str:       It affects your strength (-4).
   rF:        It protects you from fire.
   rN:        It protects you from negative energy.
   rCorr:     It protects you from acid and corrosion.
 b - the +6 Majin-Bo {vamp, MP+6 Int+6}
   (You found it on level 3 of the Depths)

   It heals its wielder for a portion of the damage dealt when they wound a
   living foe with it or with a spell.
   Its wielder's spells cost health as well as magical power.
   Int:       It affects your intelligence (+6).
   MP:        It affects your magic capacity (+6).
Missiles
 s - 6 poisoned darts
 E - 10 atropa-tipped darts (quivered)
 O - 14 curare-tipped darts
Armour
 d - a +2 pair of boots (worn)
 h - a +2 pair of gloves (melded)
 x - a +0 kite shield (melded)
 z - a scarf of resistance (worn)
 Q - a +2 helmet (worn)
 W - a +3 leather armour of poison resistance (worn)
Jewellery
 A - a ring of see invisible (right blade hand)
 C - the ring "Ysyffotz" {rF+ rN+ Int+2}
   (You found it on level 3 of the Spider Nest)

   [ring of positive energy]

   Int:       It affects your intelligence (+2).
   rF:        It protects you from fire.
   rN:        It protects you from negative energy.
 I - the amulet "Jeon" (around neck) {RegenMP rPois rC+}
   (You took it off a merfolk on level 3 of the Shoals)

   [amulet of magic regeneration]

   It increases your rate of magic regeneration.
   rC:        It protects you from cold.
   rPois:     It protects you from poison.
 M - the ring "Okiraby" {MP+9 Str+4}
   (You acquired it on level 1 of the Lair of Beasts)

   [ring of magical power]

   Str:       It affects your strength (+4).
   MP:        It affects your magic capacity (+9).
 T - the ring "Dit Efir" (left blade hand) {rElec Will+}
   (You found it in a Gauntlet)

   [ring of willpower]

   rElec:     It insulates you from electricity.
   Will:      It increases your willpower.
 U - the ring "Rosmuowk" {rF+ Will+ AC+4}
   (You took it off a deep elf demonologist on level 3 of the Elven Halls)

   [ring of protection]

   AC:        It affects your AC (+4).
   rF:        It protects you from fire.
   Will:      It increases your willpower.
 Y - the ring of Vicsesif {Ice Dex+4 Slay+2}
   (You took it off a minotaur in a Gauntlet)

   [ring of ice]

   It enhances your ice magic.
   Dex:       It affects your dexterity (+4).
   Slay:      It affects your accuracy & damage with ranged weapons and melee
   (+2).
   rF:        It makes you vulnerable to fire.
   rC:        It protects you from cold.
Wands
 e - a wand of digging (15)
 y - a wand of charming (24)
 F - a wand of roots (22)
 N - a wand of polymorph (5)
 R - a wand of mindburst (2)
 Z - a wand of acid (7)
Scrolls
 c - 8 scrolls of amnesia
 f - 4 scrolls of poison
 k - 2 scrolls of vulnerability
 p - 3 scrolls of butterflies
 q - 6 scrolls of teleportation
 r - 9 scrolls of immolation
 t - 2 scrolls of silence
 u - 7 scrolls of magic mapping
 w - a scroll of enchant weapon
 D - 2 scrolls of enchant armour
 P - 5 scrolls of fog
 S - a scroll of blinking
Potions
 g - a potion of magic
 j - 5 potions of attraction
 l - 11 potions of might
 m - 3 potions of flight
 v - 3 potions of invisibility
 B - 4 potions of curing
 G - 3 potions of mutation
 J - 4 potions of lignification
 K - 4 potions of berserk rage
 L - 4 potions of cancellation
 V - 6 potions of resistance
 X - 5 potions of brilliance
Miscellaneous
 i - a condenser vane
 n - a phantom mirror
 o - a box of beasts
 H - a phial of floods


   Skills:
 + Level 17.0 Fighting
 + Level 16.8 Short Blades
 + Level 16.8 Long Blades
 + Level 16.8 Axes
 + Level 16.8 Maces & Flails
 + Level 16.8 Polearms
 + Level 16.8 Staves
 + Level 16.8 Ranged Weapons
 + Level 16.8 Throwing
 + Level 16.8 Armour
 + Level 17.4 Dodging
 + Level 16.8 Stealth
 + Level 22.9 Shields
 + Level 17.9 Unarmed Combat
 + Level 17.5 Spellcasting
 + Level 14.3 Conjurations
 + Level 14.3 Hexes
 + Level 14.3 Summonings
 + Level 14.3 Necromancy
 + Level 14.3 Translocations
 + Level 14.8 Transmutations
 + Level 14.3 Fire Magic
 + Level 14.3 Ice Magic
 + Level 14.3 Air Magic
 + Level 14.3 Earth Magic
 + Level 14.3 Poison Magic
 + Level 18.2 Invocations
 + Level 16.8 Evocations


You had 15 spell levels left.
You knew the following spells:

 Your Spells              Type           Power      Damage    Failure   Level
a - Swiftness             Air            59%        N/A       5%          3
b - Wereblood             Tmut           60%        N/A       3%          2
c - Airstrike             Air            29%        2d(5-21)  8%          4
d - Dispel Undead         Necr           59%        3d21      8%          4
e - Mephitic Cloud        Conj/Pois/Air  59%        N/A       5%          3
f - Summon Lightning Spi  Summ/Air       59%        N/A       8%          4
g - Blade Hands           Tmut           30%        N/A       10%         5
h - Irradiate             Conj/Tmut      29%        3d21      10%         5
i - Lee's Rapid Deconstr  Erth           29%        3d15*     11%         5
j - Iron Shot             Conj/Erth      29%        9d6       21%         6
S - Sublimation of Blood  Necr           59%        N/A       4%          2

Your spell library contained the following spells:

 Spells                   Type           Power      Damage    Failure   Level
 Apportation              Tloc           100%       N/A       3%          1
 Beastly Appendage        Tmut           100%       N/A       3%          1
 Magic Dart               Conj           100%       1d8       3%          1
 Necrotise                Necr           100%       1d9       3%          1
 Sting                    Tmut/Pois      100%       1d8       3%          1
 Summon Small Mammal      Summ           100%       N/A       3%          1
 Blink                    Tloc           100%       N/A       4%          2
 Call Imp                 Summ           59%        N/A       4%          2
 Cigotuvi's Dreadful Rot  Necr/Pois/Air  100%       N/A       4%          2
 Ensorcelled Hibernation  Hex/Ice        100%       N/A       4%          2
 Momentum Strike          Conj/Tloc      100%       3d10      4%          2
 Passwall                 Tmut/Erth      49%        N/A       4%          2
 Searing Ray              Conj           100%       2d8       4%          2
 Static Discharge         Conj/Air       100%       2-7/arc   4%          2
 Call Canine Familiar     Summ           59%        N/A       5%          3
 Gell's Gravitas          Tloc           59%        N/A       5%          3
 Hailstorm                Conj/Ice       59%        3d13      5%          3
 Ignite Poison            Fire/Tmut/Pois 59%        N/A       5%          3
 Inner Flame              Hex/Fire       59%        N/A       5%          3
 Kindle Blastsparks       Fire/Tloc/Air  100%       2d18      5%          3
 Lesser Beckoning         Tloc           100%       N/A       5%          3
 Ozocubu's Armour         Ice            59%        N/A       5%          3
 Portal Projectile        Hex/Tloc       100%       N/A       5%          3
 Spider Form              Tmut/Pois      59%        N/A       5%          3
 Stone Arrow              Conj/Erth      100%       3d13      5%          3
 Summon Guardian Golem    Hex/Summ       59%        N/A       5%          3
 Teleport Other           Tloc           59%        N/A       5%          3
 Vampiric Draining        Necr           59%        2d10      5%          3
 Vhi's Electric Charge    Tloc/Air       100%       N/A       5%          3
 Animate Armour           Summ/Erth      100%       N/A       8%          4
 Fulminant Prism          Conj/Hex       29%        3d14      8%          4
 Ice Form                 Ice/Tmut       59%        N/A       8%          4
 Iskenderun's Mystic Bla  Conj/Tloc      59%        2d12      8%          4
 Leda's Liquefaction      Hex/Erth       29%        N/A       8%          4
 Manifold Assault         Tloc           59%        N/A       8%          4
 Petrify                  Tmut/Erth      59%        N/A       8%          4
 Yara's Violent Unravell  Hex/Tmut       29%        3d12      10%         5
 Agony                    Necr           59%        N/A       11%         5
 Arcjolt                  Conj/Air       29%        1d39      11%         5
 Fireball                 Conj/Fire      29%        3d13      11%         5
 Iskenderun's Battlesphe  Conj           59%        2d11      11%         5
 Lightning Bolt           Conj/Air       29%        1d46      11%         5
 Metabolic Englaciation   Hex/Ice        29%        N/A       11%         5
 Summon Forest            Summ/Tloc      29%        N/A       11%         5
 Conjure Ball Lightning   Conj/Air       29%        3x3d8     21%         6
 Death Channel            Necr           29%        N/A       21%         6
 Statue Form              Tmut/Erth      39%        N/A       21%         6
 Storm Form               Tmut/Air       29%        N/A       45%         7
 Orb of Destruction       Conj           29%        9d9       47%         7
 Summon Hydra             Summ           29%        N/A       47%         7
 Discord                  Hex            29%        N/A       93%         8
 Disjunction              Tloc           29%        N/A       93%         8
 Simulacrum               Ice/Necr       Unusable   N/A       N/A         6

Dungeon Overview and Level Annotations

Branches:
Dungeon (15/15)            Temple (1/1) D:5            Lair (5/5) D:8
 Shoals (4/4) Lair:2       Spider (4/4) Lair:2        Slime (5/5) Lair:4
    Orc (2/2) D:10            Elf (3/3) Orc:2        Vaults (4/5) D:14
  Crypt (0/3) Vaults:3     Depths (4/4) D:15        Gauntlet (visited)
    Zot: Depths:4

Altars:
Ashenzari
Cheibriados
Dithmenos
Elyvilon
Fedhas
Gozag
Hepliaklqana
Kikubaaqudgha
Makhleb
Nemelex Xobeh
Okawaru
Qazlal
Ru
Sif Muna
Trog
Uskayaw
Vehumet
Wu Jian
Xom
Yredelemnul
Zin
The Shining One
Jiyva

Shops:
D:6 !   D:8 *   Orc:2 :!(!   Elf:1 (   Elf:2 ?   Shoals:2 [**(   Vaults:2 [
Vaults:3 ?   Vaults:4 (   Depths:4 *

Portals:
Hell: Depths:1 Depths:2 Depths:3
Abyss: Depths:3
Pandemonium: Depths:2
Ziggurat: Depths:1

Annotations:
Shoals:4 1 exclusion
Slime:5 Royal Jelly


Innate Abilities, Weirdness & Mutations

You have blades for hands.
Your spellcasting is less reliable in this form.
You are incapable of wielding weapons or throwing items.
You have very sharp teeth.
Your uncanny sense of smell can sniff out nearby items.
Your experience applies equally to all skills.
You are partially covered in iridescent scales. (AC +2)
Your body sometimes deteriorates upon taking damage.
You are dopey. (Int -2)
You are somewhat resistant to further mutation.


Message History

Your +0 kite shield unmelds from your body.
The +10 long sword "Lufuy" {freeze, rF+ rN+ rCorr Str-4} glows with a cold blue light!
The great orb of eyes is distracted by your dazzling golden aura.
The acid blob spits acid at you. The splash of acid hits you! You resist.
The great orb of eyes turns its gaze towards you.
An electric hum fills the air.
The great orb of eyes is no longer distracted by gold.
The quicksilver ooze is distracted by your dazzling golden aura.
The acid blob attacks as you move away! You block the acid blob's attack.
The quicksilver ooze is distracted by your dazzling golden aura.
The great orb of eyes is distracted by your dazzling golden aura.
The shining eye is distracted by your dazzling golden aura.
The acid blob attacks as you move away! You block the acid blob's attack.
The acid blob hits you. The acid corrodes you!
You are splashed with acid.
You resist.
Really cast Irradiate?
Okay, then.
Aiming: Mindburst
Press: ? - help, Shift-Dir - straight line, f - acid blob
Aim: an acid blob (severely wounded, misshapen and mutated, ally target, not susceptible)
Okay, then.
Your hands turn into razor-sharp scythe blades.
The +10 long sword "Lufuy" {freeze, rF+ rN+ rCorr Str-4} melds into your body.
Your +2 pair of gloves melds into your body.
Your +0 kite shield melds into your body.
The +10 long sword "Lufuy" {freeze, rF+ rN+ rCorr Str-4} stops glowing.
Your transformation is almost over.
The acid blob spits acid at you. The splash of acid hits you!!
* * * LOW HITPOINT WARNING * * *
You hit the acid blob but do no damage.
Your blade hands burn!
* * * LOW HITPOINT WARNING * * *
The acid blob is severely wounded.
The acid blob hits you!!
* * * LOW HITPOINT WARNING * * *
Your body deteriorates!
You feel dopey. The acid corrodes you!
You are splashed with acid!
You die...
Your body crumbles into a pile of gold.

#.###......# ..
#.#........# ...
##..........# ...
#...........#
..##.##JJJ.....#
#...#.JJ####+#
#..#.#GG$...8#
#.#...#G####J#
##.)∩..## #@#
####.#...#.# #.#
##.....#.#..# #.#
.'......#...# #.#
##......#........#
##......#.#####..#
##......+.# ...
##......#+# #.##
######...


You could see an acid blob (misshapen, ally target) and a friendly lightning
spire (summoned).

Vanquished Creatures
  2 ancient liches (Depths:3)
  Margery (Vaults:4)
  Arachne (Spider:4)
  Jorgrun (D:15)
  Rupert (D:15)
  4 deep elf blademasters
  22 acid blobs
  2 deep elf master archers (Elf:3)
  A quicksilver dragon (Depths:2)
  2 tentacled starspawn
  2 sphinxes
  2 tengu reavers
  Frances (Shoals:2)
  Kirke (Spider:4)
  Roxanne (Elf:1)
  3 storm dragons
  4 fire giants
  The ghost of Ebbomuas the Severer, a journeyman MiGl of Okawaru (Spider:2)
  A frost giant (Depths:1)
  14 azure jellies
  10 vault wardens
  An iron dragon (Depths:3)
  9 rockslimes
  Aizul (Spider:2)
  7 ghost moths
  3 deep elf sorcerers
  An emperor scorpion (Spider:4)
  A curse skull (Vaults:3)
  An orc warlord (Vaults:2)
  8 deep elf elementalists
  Louise (Depths:3)
  17 quicksilver oozes
  2 vampire knights (Depths:3)
  8 stone giants
  14 ironbound preservers
  A spriggan defender (Depths:4)
  13 very ugly things
  3 broodmothers
  5 deep elf demonologists (Elf:3)
  5 ironbound thunderhulks
  16 dire elephants
  Azrael (Elf:1)
  A white draconian (Depths:4)
  6 deep elf annihilators (Elf:3)
  6 spark wasps
  7 merfolk javelineers
  A minotaur (Gauntlet)
  6 fire dragons
  An eidolon (Vaults:3)
  3 ettins (Depths:2)
  An ettin (shapeshifter) (Vaults:3)
  Josephine (D:14)
  2 crystal guardians (Vaults:1)
  8 deep elf death magi (Elf:3)
  2 entropy weavers
  2 deep elf high priests
  4 merfolk impalers
  Fannar (D:11)
  A rakshasa (Depths:1)
  5 yaktaur captains
  6 ice dragons
  A catoblepas (Gauntlet)
  7 great orbs of eyes
  7 hydras
  3 jorogumos
  2 spriggan air magi
  6 vault guards
  A peacekeeper (Vaults:1)
  3 merfolk avatars
  5 merfolk aquamancers
  8 boulder beetles
  12 centaur warriors
  7 ironbound frosthearts
  3 radroaches
  Erica (D:8)
  37 dancing weapons
  2 ogre magi
  2 death yaks (Lair:5)
  4 tengu warriors
  2 death knights (Vaults:3)
  3 two-headed ogres
  An alligator snapping turtle (Shoals:4)
  4 deep troll earth magi
  7 deep troll shamans
  2 thrashing horrors (Abyss:2)
  2 spriggan berserkers (Depths:2)
  4 orc high priests
  Sonja (D:10)
  2 vampire magi (Depths:3)
  15 deep elf knights
  Nergalle (D:11)
  11 hell knights
  7 pharaoh ants
  A sixfirhy (Abyss:2)
  A wretched star (Abyss:2)
  A skeletal warrior (D:11)
  4 iron trolls (Depths:2)
  A golden dragon zombie (Vaults:3)
  5 sea snakes
  2 sun moths (Spider:4)
  A death drake (Depths:3)
  38 deep trolls
  9 glowing orange brains
  A flayed ghost (Depths:1)
  12 deep elf archers
  7 orb spiders
  2 spectral wolf spiders (Spider:2)
  5 steelbarb worms
  9 wizards
  8 orc knights
  4 lindwurms
  A phantasmal warrior (Vaults:4)
  Pikel (D:4)
  17 harpies
  29 deep elf pyromancers
  14 necromancers
  24 wolf spiders
  20 deep elf zephyrmancers
  13 ironbound convokers
  An oklob plant (Lair:4)
  7 orc sorcerers
  A tengu skeleton (Vaults:2)
  A stone giant zombie (Vaults:3)
  5 shining eyes
  14 manticores
  4 cyclopes
  A sphinx skeleton (Vaults:2)
  29 ugly things
  2 wolf spider zombies (Spider:2)
  4 fauns
  15 elephants
  5 black mambas
  A black mamba (shapeshifter) (D:12)
  5 merfolk sirens (Shoals:4)
  14 vault sentinels
  3 eyes of devastation (Slime:5)
  5 water nymphs
  8 torpor snails
  7 cane toads
  2 gargoyles
  21 demonic crawlers
  3 rime drakes
  5 unseen horrors (Elf:3)
  A freezing wraith (Vaults:2)
  9 komodo dragons
  A kobold demonologist (D:10)
  3 tengu conjurers (Depths:1)
  20 yaktaurs
  2 human skeletons (Vaults:3)
  20 merfolk
  A meliai (Spider:4)
  7 polar bears
  A tyrant leech (Gauntlet)
  13 hornets
  6 trolls
  2 tarantellas (shapeshifter) (Elf:3)
  8 blink frogs
  6 wind drakes
  3 dream sheep
  4 wolf spider simulacra (Spider:2)
  A raiju (Gauntlet)
  A stone giant simulacrum (Vaults:1)
  21 tarantellas
  11 snapping turtles
  A great orb of eyes zombie (Vaults:1)
  14 culicivoras
  92 slime creatures
  15 water elementals
  12 spriggans
  12 jumping spiders
  2 elf skeletons
  2 ynoxinuls (Abyss:2)
  5 air elementals
  10 wraiths
  37 yaks
  10 wyverns
  2 hogs (Spider:4)
  13 starcursed masses
  4 fire elementals
  An elf zombie (Vaults:1)
  2 chaos spawn (Abyss:2)
  5 basilisks
  A yaktaur simulacrum (Vaults:2)
  2 neqoxecs (Abyss:2)
  6 steam dragons
  11 golden eyes
  40 redbacks
  A warg (Orc:1)
  2 spatial vortices (Abyss:3)
  6 large abominations
  4 swamp worms (Gauntlet)
  4 hell hounds (Elf:1)
  2 acid dragons
  A floating eye (shapeshifter) (Depths:1)
  22 water moccasins
  4 ice beasts
  A sky beast (D:8)
  18 orc warriors
  6 black bears
  5 small abominations (Abyss:2)
  An ettin simulacrum (Vaults:1)
  11 ogres
  6 boggarts
  2 centaurs (D:11)
  23 wolves
  3 phantoms
  3 nameless horrors
  A human zombie (Vaults:1)
  3 kobold brigands
  8 bullfrogs
  2 necrophages
  A gnoll sergeant (D:9)
  3 earth elementals
  A scorpion (D:5)
  12 wights
  6 killer bees (D:10)
  4 electric eels
  4 howler monkeys
  3 human simulacra
  A quasit (Abyss:2)
  A hound (D:4)
  10 orc priests
  3 gnoll boudas (D:7)
  4 jellies
  6 iguanas
  12 orc wizards
  3 hell rats (Lair:3)
  21 gnolls
  7 adders
  A white imp (D:6)
  An ufetubus (D:4)
  2 worms (D:2)
  2 dart slugs (D:4)
  31 orcs
  5 ball pythons
  7 endoplasms
  7 giant cockroaches
  8 goblins
  4 hobgoblins
  10 jackals
  13 kobolds
  3 quokkas (D:1)
  5 bats
  3 frilled lizards
  6 rats
  4 starspawn tentacles (Abyss:2)
1618 creatures vanquished.

Vanquished Creatures (collateral kills)
  A sphinx (Vaults:2)
  A fire giant (Depths:2)
  A vault warden (Vaults:4)
  2 very ugly things (Vaults:1)
  A quicksilver ooze (Slime:5)
  A dire elephant (Vaults:1)
  A minotaur (shapeshifter) (D:15)
  2 merfolk impalers
  A great orb of eyes (D:15)
  2 yaktaur captains (Vaults:4)
  A vault guard (Vaults:1)
  A spriggan air mage (Depths:2)
  An ironbound frostheart (Vaults:3)
  4 centaur warriors
  An alligator snapping turtle (Shoals:4)
  A hydra (D:15)
  A death knight (D:11)
  2 boulder beetles
  2 merfolk aquamancers (Shoals:4)
  3 death yaks (Lair:5)
  An orc high priest (Orc:2)
  A tengu warrior (D:14)
  2 satyrs (Shoals:4)
  A vampire mage (Depths:3)
  A deep elf knight (Elf:2)
  A hell knight (Depths:2)
  9 deep trolls
  A sea snake (Shoals:2)
  4 orb spiders
  2 wizards
  A necromancer (Depths:3)
  3 spectral wolf spiders (Spider:2)
  6 harpies
  A steelbarb worm (Spider:3)
  3 orc knights
  3 lindwurms
  3 deep elf zephyrmancers (Elf:1)
  3 ugly things (Vaults:2)
  5 wolf spiders
  3 deep elf pyromancers
  2 manticores
  4 fauns
  2 orc sorcerers (Orc:2)
  2 cyclopes
  A moth of wrath (Spider:3)
  3 demonic crawlers
  4 water nymphs
  2 torpor snails
  A cane toad (Lair:3)
  2 rime drakes
  3 yaktaurs
  A polar bear (Lair:5)
  11 merfolk
  A wind drake (Shoals:4)
  8 tarantellas
  12 dream sheep
  2 blink frogs (Lair:5)
  4 snapping turtles
  3 jumping spiders
  8 slime creatures
  6 culicivoras
  A vampire (D:12)
  7 spriggans
  An elf simulacrum (Vaults:1)
  16 yaks
  A basilisk (Lair:3)
  8 redbacks
  An elf skeleton (Vaults:1)
  A warg (Orc:1)
  3 steam dragons
  An acid dragon (D:12)
  4 orc warriors
  A black bear (Lair:5)
  An ogre (Elf:2)
  2 boggarts (Lair:5)
  4 wolves (Lair:5)
  4 centaurs (D:14)
  6 jellies (Lair:4)
  6 orc priests
  3 hell rats (Lair:3)
  4 orc wizards
  15 orcs
  8 endoplasms (Lair:4)
264 creatures vanquished.

Vanquished Creatures (others)
  A deep elf demonologist (Elf:2)
  A spark wasp (Spider:4)
  A merfolk javelineer (Shoals:4)
  A vampire mage (Depths:3)
  A wolf spider (Spider:4)
  A merfolk (Shoals:4)
  5 humans (Spider:4)
  A wolf (D:8)
  6 bushes (Lair:5)
  A demonic plant (Gauntlet)
  38 fungi
  157 plants
  5 starspawn tentacles
219 creatures vanquished.

Grand Total: 2101 creatures vanquished

Notes
Turn   | Place    | Note
-------+----------+-------------------------------------------
     0 | D:1      | themarg the Gnoll Transmuter began the quest for the Orb.
     0 | D:1      | Reached XP level 1. HP: 17/17 MP: 6/6
    74 | D:1      | Reached XP level 2. HP: 18/23 MP: 7/7
    77 | D:1      | Learned a level 2 spell: Wereblood
   440 | D:1      | You fall into a shaft and drop 1 floor!
   533 | D:2      | Reached skill level 5 in Spellcasting
   533 | D:2      | Reached XP level 3. HP: 28/28 MP: 4/9
   790 | D:1      | Reached skill level 1 in Invocations
   981 | D:1      | Reached skill level 1 in Short Blades
   981 | D:1      | Reached skill level 1 in Long Blades
   981 | D:1      | Reached skill level 1 in Axes
   981 | D:1      | Reached skill level 1 in Maces & Flails
   981 | D:1      | Reached skill level 1 in Polearms
   981 | D:1      | Reached skill level 1 in Staves
   981 | D:1      | Reached skill level 1 in Ranged Weapons
   981 | D:1      | Reached skill level 1 in Throwing
   981 | D:1      | Reached skill level 1 in Armour
   981 | D:1      | Reached skill level 1 in Stealth
   981 | D:1      | Reached skill level 1 in Shields
   981 | D:1      | Reached skill level 1 in Evocations
  1211 | D:2      | Reached XP level 4. HP: 16/34 MP: 11/11
  1300 | D:2      | Learned a level 3 spell: Spider Form
  1584 | D:2      | Reached skill level 1 in Conjurations
  1584 | D:2      | Reached skill level 1 in Hexes
  1584 | D:2      | Reached skill level 1 in Summonings
  1584 | D:2      | Reached skill level 1 in Necromancy
  1584 | D:2      | Reached skill level 1 in Translocations
  1584 | D:2      | Reached skill level 1 in Fire Magic
  1584 | D:2      | Reached skill level 1 in Ice Magic
  1584 | D:2      | Reached skill level 1 in Air Magic
  1584 | D:2      | Reached skill level 1 in Earth Magic
  1584 | D:2      | Reached skill level 1 in Poison Magic
  2713 | D:4      | Reached XP level 5. HP: 40/40 MP: 9/12
  2767 | D:4      | Noticed a water moccasin
  2774 | D:4      | Killed a water moccasin
  2775 | D:4      | Reached skill level 2 in Shields
  2809 | D:4      | Reached XP level 6. HP: 44/47 MP: 7/13
  2821 | D:4      | Reached skill level 5 in Dodging
  2914 | D:4      | Noticed Pikel
  2933 | D:4      | Killed Pikel
  2934 | D:4      | Reached skill level 3 in Shields
  2934 | D:4      | Reached XP level 7. HP: 36/53 MP: 13/15
  3308 | D:4      | Reached skill level 4 in Shields
  3568 | D:5      | Entered Level 5 of the Dungeon
  3598 | D:5      | Reached XP level 8. HP: 38/60 MP: 13/16
  3857 | D:5      | Found a staircase to the Ecumenical Temple.
  3866 | Temple   | Entered the Ecumenical Temple
  4022 | Temple   | Became a worshipper of Gozag Ym Sagoz the Greedy
  4124 | D:5      | Found a glowing silver altar of Zin.
  4124 | D:5      | Noticed an angel
  4404 | D:5      | Reached skill level 5 in Shields
  5000 | D:6      | Reached skill level 5 in Transmutations
  5041 | D:6      | Learned a level 4 spell: Ice Form
  5115 | D:6      | Found Toise's Distillery.
  5196 | D:6      | Reached XP level 9. HP: 57/66 MP: 14/18
  5509 | D:6      | Reached skill level 5 in Fighting
  5509 | D:6      | Reached skill level 6 in Shields
  6439 | D:7      | Reached skill level 5 in Invocations
  6681 | D:7      | Found a sparkling altar of Nemelex Xobeh.
  7276 | D:8      | Noticed Erica
  7293 | D:8      | Killed Erica
  7294 | D:8      | Reached skill level 5 in Short Blades
  7294 | D:8      | Reached skill level 5 in Long Blades
  7294 | D:8      | Reached skill level 5 in Axes
  7294 | D:8      | Reached skill level 5 in Maces & Flails
  7294 | D:8      | Reached skill level 5 in Polearms
  7294 | D:8      | Reached skill level 5 in Staves
  7294 | D:8      | Reached skill level 5 in Ranged Weapons
  7294 | D:8      | Reached skill level 5 in Throwing
  7294 | D:8      | Reached skill level 5 in Armour
  7294 | D:8      | Reached skill level 5 in Stealth
  7294 | D:8      | Reached skill level 7 in Shields
  7294 | D:8      | Reached skill level 5 in Evocations
  7294 | D:8      | Reached XP level 10. HP: 66/76 MP: 14/20
  7831 | D:8      | Found a staircase to the Lair.
  8047 | D:8      | Reached skill level 8 in Shields
  8110 | D:8      | Found Usatoupt's Overcharged Wands.
  8403 | D:8      | Learned a level 4 spell: Dispel Undead
  9516 | D:10     | Entered Level 10 of the Dungeon
  9548 | D:10     | Found an ancient bone altar of Kikubaaqudgha.
  9595 | D:10     | Reached skill level 5 in Conjurations
  9595 | D:10     | Reached skill level 5 in Hexes
  9595 | D:10     | Reached skill level 5 in Summonings
  9595 | D:10     | Reached skill level 5 in Necromancy
  9595 | D:10     | Reached skill level 5 in Translocations
  9595 | D:10     | Reached skill level 5 in Fire Magic
  9595 | D:10     | Reached skill level 5 in Ice Magic
  9595 | D:10     | Reached skill level 5 in Air Magic
  9595 | D:10     | Reached skill level 5 in Earth Magic
  9595 | D:10     | Reached skill level 5 in Poison Magic
  9595 | D:10     | Reached XP level 11. HP: 83/83 MP: 16/22
  9637 | D:10     | Found a staircase to the Orcish Mines.
 10259 | D:11     | Reached skill level 9 in Shields
 10434 | D:11     | Noticed a boulder beetle
 10448 | D:11     | Killed a boulder beetle
 10568 | D:11     | Noticed Fannar
 10588 | D:11     | Killed Fannar
 10591 | D:11     | Noticed Sonja
 10613 | D:10     | Killed Sonja
 11092 | D:11     | Noticed a death knight
 11092 | D:11     | Noticed a skeletal warrior
 11201 | D:11     | Noticed Nergalle
 11214 | D:11     | Killed Nergalle
 11490 | Lair:1   | Entered Level 1 of the Lair of Beasts
 11490 | Lair:1   | Found an opulent altar of Gozag.
 11974 | Lair:1   | Reached skill level 10 in Shields
 12180 | Lair:1   | Reached XP level 12. HP: 87/91 MP: 17/24
 12319 | Lair:1   | Noticed a boulder beetle
 12333 | Lair:1   | Killed a boulder beetle
 12958 | Lair:1   | Identified 2 scrolls of acquirement
 12958 | Lair:1   | Acquired the ring "Okiraby" {MP+9 Str+4}
 12964 | Lair:1   | Acquired 1108 gold pieces
 13071 | Lair:2   | Found a hole to the Spider Nest.
 13206 | Lair:2   | Reached skill level 10 in Unarmed Combat
 13926 | Lair:2   | Found a staircase to the Shoals.
 14056 | Lair:2   | Reached skill level 11 in Shields
 14371 | Lair:2   | Identified the +0 chain mail of Sunlight {Fly rF- Regen+
                  | Str+8}
 14909 | Lair:3   | Learned a level 3 spell: Mephitic Cloud
 14914 | Lair:3   | Learned a level 4 spell: Summon Lightning Spire
 14941 | Lair:3   | Reached XP level 13. HP: 99/99 MP: 18/26
 15545 | Lair:3   | You fall into a shaft and drop 2 floors!
 15545 | Lair:5   | Entered Level 5 of the Lair of Beasts
 15972 | Lair:3   | Reached skill level 10 in Spellcasting
 15973 | Lair:3   | Reached skill level 12 in Shields
 16485 | Lair:4   | Found a viscous altar of Jiyva.
 16486 | Lair:4   | Found a staircase to the Slime Pits.
 17682 | Lair:5   | Reached skill level 10 in Dodging
 17808 | Lair:5   | HP: 2/121 [elephant (8)]
 17814 | Lair:4   | HP: 5/121 [elephant (7)]
 18352 | Lair:5   | Reached skill level 10 in Invocations
 18352 | Lair:5   | Reached XP level 14. HP: 90/108 MP: 25/28
 18767 | Lair:5   | Acquired 1081 gold pieces
 18820 | Lair:5   | Reached skill level 13 in Shields
 20121 | Lair:5   | Reached skill level 10 in Fighting
 20663 | D:6      | Bought 2 potions of haste for 220 gold pieces
 20663 | D:6      | Bought a potion of resistance for 110 gold pieces
 20663 | D:6      | Bought a potion of brilliance for 44 gold pieces
 20663 | D:6      | Bought a potion of curing for 33 gold pieces
 20663 | D:6      | Bought a potion of cancellation for 88 gold pieces
 20702 | D:8      | Bought a wand of roots (18) for 648 gold pieces
 21416 | Orc:1    | Entered Level 1 of the Orcish Mines
 21756 | Orc:2    | Entered Level 2 of the Orcish Mines
 21788 | Orc:1    | Reached skill level 10 in Short Blades
 21788 | Orc:1    | Reached skill level 10 in Long Blades
 21788 | Orc:1    | Reached skill level 10 in Axes
 21788 | Orc:1    | Reached skill level 10 in Maces & Flails
 21788 | Orc:1    | Reached skill level 10 in Polearms
 21788 | Orc:1    | Reached skill level 10 in Staves
 21788 | Orc:1    | Reached skill level 10 in Ranged Weapons
 21788 | Orc:1    | Reached skill level 10 in Throwing
 21788 | Orc:1    | Reached skill level 10 in Armour
 21788 | Orc:1    | Reached skill level 10 in Stealth
 21788 | Orc:1    | Reached skill level 10 in Evocations
 22250 | Orc:2    | Found a staircase to the Elven Halls.
 22524 | Orc:2    | Reached XP level 15. HP: 114/117 MP: 7/30
 22552 | Orc:2    | Reached skill level 14 in Shields
 23245 | Orc:2    | Found Mabegi's Weapon Boutique.
 23252 | Orc:2    | Found Qeokog's Distillery.
 23260 | Orc:2    | Found Sewneedo's Distillery.
 23261 | Orc:2    | Found Xops's Book Emporium.
 23498 | Orc:2    | Bought a book of Alchemy for 392 gold pieces
 23498 | Orc:2    | Bought a book of Iron for 504 gold pieces
 23506 | Orc:2    | Bought a potion of curing for 39 gold pieces
 23506 | Orc:2    | Bought a potion of heal wounds for 65 gold pieces
 23506 | Orc:2    | Bought a potion of might for 52 gold pieces
 23506 | Orc:2    | Bought 2 potions of magic for 208 gold pieces
 23506 | Orc:2    | Bought a potion of curing for 39 gold pieces
 23506 | Orc:2    | Bought a potion of heal wounds for 65 gold pieces
 23506 | Orc:2    | Bought a potion of magic for 104 gold pieces
 23508 | Orc:2    | Bought a potion of heal wounds for 75 gold pieces
 24086 | D:12     | Learned a level 5 spell: Blade Hands
 24092 | D:12     | Learned a level 5 spell: Irradiate
 27090 | D:14     | Found a gate leading to a gauntlet.
 27095 | Gauntlet | Entered a Gauntlet
 27095 | Gauntlet | Found a transporter.
 27207 | Gauntlet | Found a transporter.
 27210 | Gauntlet | Found a transporter.
 27211 | Gauntlet | Found a transporter.
 27222 | Gauntlet | Found a transporter.
 27223 | Gauntlet | Found a transporter.
 27224 | Gauntlet | Found a transporter.
 27233 | Gauntlet | Found a transporter.
 27235 | Gauntlet | Found a transporter.
 27236 | Gauntlet | Found a transporter.
 27240 | Gauntlet | Noticed a balrug
 27244 | Gauntlet | Found a transporter.
 27247 | Gauntlet | Found a transporter.
 27248 | Gauntlet | Found a transporter.
 27257 | Gauntlet | Found a transporter.
 27715 | Gauntlet | Identified the ring "Dit Efir" {rElec Will+}
 27889 | Gauntlet | Identified the ring of Vicsesif {Ice Dex+4 Slay+2}
 27910 | Gauntlet | Identified the +2 robe "Heotti" {rF+ Str+5 SInv}
 27910 | Gauntlet | Identified the +1 triple sword of the Whale {flame, Fly
                  | rCorr}
 28262 | D:14     | Found a gate to the Vaults.
 28643 | D:14     | Noticed Josephine
 28656 | D:14     | Killed Josephine
 29094 | D:15     | Entered Level 15 of the Dungeon
 29281 | D:15     | Reached skill level 15 in Shields
 29478 | D:15     | Noticed Rupert
 29511 | D:15     | Killed Rupert
 29513 | D:15     | Reached skill level 10 in Transmutations
 29688 | D:15     | Reached XP level 16. HP: 125/125 MP: 32/32
 29741 | D:15     | Noticed Jorgrun
 29752 | D:15     | Killed Jorgrun
 29913 | D:15     | Found a staircase to the Depths.
 30420 | D:15     | Found an ornate altar of the Wu Jian Council.
 30461 | D:15     | Upgraded the game from 0.30-a0-586-g23e55c9e0a to
                  | 0.30-a0-591-g3c58d2bc28
 30717 | Shoals:1 | Entered Level 1 of the Shoals
 32511 | Shoals:2 | Noticed Frances
 32520 | Shoals:2 | Killed Frances
 33792 | Shoals:2 | Found Ecifuod's Visitors' Centre.
 33797 | Shoals:2 | Found Ecifuod's Merfolk Armours.
 33797 | Shoals:2 | Found Ecifuod's Merfolk Weapons.
 33797 | Shoals:2 | Found Ecifuod's Merfolk Magic.
 34388 | Shoals:3 | Identified the amulet "Jeon" {RegenMP rPois rC+}
 34960 | Spider:1 | Entered Level 1 of the Spider Nest
 34967 | Spider:1 | Reached skill level 16 in Shields
 35394 | Spider:1 | Found a runed translucent door.
 35578 | Spider:1 | Reached XP level 17. HP: 106/133 MP: 33/33
 36384 | Spider:1 | Reached skill level 10 in Conjurations
 36384 | Spider:1 | Reached skill level 10 in Hexes
 36384 | Spider:1 | Reached skill level 10 in Summonings
 36384 | Spider:1 | Reached skill level 10 in Necromancy
 36384 | Spider:1 | Reached skill level 10 in Translocations
 36384 | Spider:1 | Reached skill level 10 in Fire Magic
 36384 | Spider:1 | Reached skill level 10 in Ice Magic
 36384 | Spider:1 | Reached skill level 10 in Air Magic
 36384 | Spider:1 | Reached skill level 10 in Earth Magic
 36384 | Spider:1 | Reached skill level 10 in Poison Magic
 37400 | Spider:2 | Noticed Aizul
 38322 | Spider:2 | Found a runed translucent gate.
 38323 | Spider:2 | Found a runed translucent gate.
 38324 | Spider:2 | Found a runed translucent gate.
 38330 | Spider:2 | Noticed Ebbomuas's ghost (journeyman MiGl)
 38725 | Spider:2 | Killed Aizul
 40400 | Spider:3 | Gained mutation: You are dopey. (Int -2) [mutagenic glow]
 40709 | Spider:3 | Reached skill level 17 in Shields
 41439 | Spider:3 | Identified the ring "Ysyffotz" {rF+ rN+ Int+2}
 41813 | Shoals:4 | Entered Level 4 of the Shoals
 42411 | Shoals:4 | Reached XP level 18. HP: 76/142 MP: 16/35
 42703 | Shoals:4 | Identified the +4 spear "Qicar" {elec, Int+4 Dex+4}
 42933 | Shoals:4 | HP: 5/142 [merfolk javelineer/silver javelin (6)]
 42941 | Shoals:4 | Gained mutation: Your spells are a little easier to cast,
                  | but a little less powerful. [mutagenic glow]
 43504 | Spider:3 | Learned a level 3 spell: Swiftness
 43509 | Spider:3 | Learned a level 4 spell: Airstrike
 43515 | Spider:3 | Learned a level 5 spell: Lee's Rapid Deconstruction
 43522 | Spider:3 | Learned a level 6 spell: Iron Shot
 43524 | Spider:4 | Entered Level 4 of the Spider Nest
 43632 | Spider:4 | Noticed Arachne
 45351 | Spider:4 | Killed Arachne
 45423 | Spider:4 | HP: 5/141 [something (7)]
 45432 | Spider:4 | HP: 4/142 [something (6)]
 45915 | Spider:4 | Noticed Kirke
 45959 | Spider:4 | Killed Kirke
 46405 | Spider:4 | HP: 7/140 [something (1)]
 46405 | Spider:4 | Gained mutation: You are weak. (Str -2) [mutagenic glow]
 47905 | Spider:4 | Reached skill level 18 in Shields
 47953 | Spider:4 | Got a gossamer rune of Zot
 49999 | Shoals:4 | Reached XP level 19. HP: 150/150 MP: 35/37
 50201 | Shoals:4 | Got a barnacled rune of Zot
 50744 | Shoals:4 | Got the Directory of the Jaunt
 51384 | Elf:1    | Entered Level 1 of the Elven Halls
 51555 | Elf:1    | Learned a level 2 spell: Sublimation of Blood
 51566 | Elf:1    | Identified the +5 chain mail of Jigsaw {Dex+5}
 52386 | Elf:1    | Identified the +1 short sword of the Fortifying Gods
                  | {freeze, rC++ Dex+3}
 52535 | Elf:1    | Paralysed by an air elemental for 1 turns
 52562 | Elf:1    | Noticed Azrael
 52574 | Elf:1    | Killed Azrael
 52665 | Elf:1    | Found Viutuudi's Antique Weapon Emporium.
 52666 | Elf:1    | Identified Roxanne's Compilation of the Body
 52666 | Elf:1    | Noticed Roxanne
 52675 | Elf:1    | Killed Roxanne
 54084 | Elf:2    | Reached skill level 15 in Unarmed Combat
 54163 | Elf:2    | Found Qurry's Magic Scroll Shop.
 54171 | Elf:2    | Bought a scroll of fear for 52 gold pieces
 54212 | Elf:2    | Found an ancient bone altar of Kikubaaqudgha.
 54678 | Elf:2    | Noticed a Tzitzimitl
 54967 | Elf:2    | Noticed a Hell Sentinel
 55257 | Elf:2    | Paralysed by an air elemental for 1 turns
 55405 | Elf:2    | Found a runed translucent gate.
 55600 | Elf:2    | Found a runed translucent gate.
 55600 | Elf:2    | Found a runed translucent gate.
 55970 | Vaults:1 | Entered Level 1 of the Vaults
 56473 | Vaults:1 | Reached skill level 19 in Shields
 56473 | Vaults:1 | Reached skill level 15 in Invocations
 57068 | Vaults:1 | Reached XP level 20. HP: 159/159 MP: 38/38
 58449 | Vaults:2 | Paralysed by a sphinx for 3 turns
 58481 | Vaults:2 | Reached skill level 15 in Spellcasting
 59678 | Vaults:2 | Reached skill level 15 in Dodging
 60171 | Vaults:2 | Found Pevvuf's Armour Shop.
 61771 | Vaults:3 | Found Hauwetoti's Magic Scroll Boutique.
 61880 | Vaults:3 | Reached skill level 20 in Shields
 61894 | Vaults:3 | Reached XP level 21. HP: 146/167 MP: 20/40
 63195 | Vaults:3 | Reached skill level 15 in Fighting
 63292 | Vaults:3 | Acquired 239 gold pieces
 63889 | Vaults:3 | Found a staircase to the Crypt.
 63920 | Vaults:3 | Identified the +1 robe "Waleiluu" {+Inv Str+3 Stlth+}
 64271 | Vaults:3 | Identified the +10 long sword "Lufuy" {freeze, rF+ rN+
                  | rCorr Str-4}
 65895 | Vaults:4 | Noticed Margery
 66242 | Vaults:4 | Killed Margery
 66455 | Vaults:4 | Reached skill level 15 in Short Blades
 66455 | Vaults:4 | Reached skill level 15 in Long Blades
 66455 | Vaults:4 | Reached skill level 15 in Axes
 66455 | Vaults:4 | Reached skill level 15 in Maces & Flails
 66455 | Vaults:4 | Reached skill level 15 in Polearms
 66455 | Vaults:4 | Reached skill level 15 in Staves
 66455 | Vaults:4 | Reached skill level 15 in Ranged Weapons
 66455 | Vaults:4 | Reached skill level 15 in Throwing
 66455 | Vaults:4 | Reached skill level 15 in Armour
 66455 | Vaults:4 | Reached skill level 15 in Stealth
 66455 | Vaults:4 | Reached skill level 15 in Evocations
 66543 | Vaults:4 | Found Dewn's Antique Weapon Boutique.
 69097 | Vaults:4 | Upgraded the game from 0.30-a0-591-g3c58d2bc28 to
                  | 0.30-a0-596-g0af90f9a20
 69436 | Elf:3    | Entered Level 3 of the Elven Halls
 70213 | Elf:3    | Identified the +8 war axe of Exoneration {flame, Will+
                  | Int+2}
 70237 | Elf:3    | Reached XP level 22. HP: 94/176 MP: 42/42
 70796 | Elf:3    | Identified the +8 war axe "Maik" {vamp, +Blink rElec Str+4}
 70893 | Elf:3    | Identified the +5 rapier of the Clean God {heavy, *Corrode
                  | rPois rF+ Str+2}
 70897 | Abyss:2  | Found a corrupted altar of Lugonu.
 70897 | Abyss:2  | Cast into level 2 of the Abyss (a deep elf demonologist)
 70898 | Abyss:2  | Reached skill level 21 in Shields
 71212 | Abyss:2  | Found a corrupted altar of Lugonu.
 71390 | Elf:3    | Escaped the Abyss
 71391 | Elf:3    | Identified the +7 morningstar "Omewococ" {heavy, rC+}
 72482 | Elf:3    | Identified the ring "Rosmuowk" {rF+ Will+ AC+4}
 72536 | Elf:3    | Got the Encyclopedia of the Sandy Mortuary
 72574 | Elf:3    | Got Tunwi Opy's Catalogue of Topological Execration
 72581 | Elf:3    | Identified the +2 pair of gloves of Yesterday {rPois rF-
                  | rCorr Dex-4}
 73280 | Slime:1  | Entered Level 1 of the Pits of Slime
 75884 | Slime:4  | Gained mutation: You occasionally shout uncontrollably at
                  | your foes. [a shining eye]
 76733 | Slime:5  | Entered Level 5 of the Pits of Slime
 77029 | Slime:5  | Found a viscous altar of Jiyva.
 77030 | Slime:5  | Noticed the Royal Jelly
 77829 | Slime:5  | Reached XP level 23. HP: 133/184 MP: 25/43
 79846 | Elf:2    | Bought a scroll of teleportation for 39 gold pieces
 80120 | Vaults:3 | Bought a scroll of teleportation for 57 gold pieces
 80120 | Vaults:3 | Bought a scroll of teleportation for 57 gold pieces
 81121 | Elf:2    | Reached skill level 22 in Shields
 82027 | Spider:2 | Gained mutation: You frequently scream uncontrollably at
                  | your foes. [mutagenic glow]
 82053 | Spider:2 | Gained mutation: You sometimes lose your temper in combat.
                  | [mutagenic glow]
 82061 | Spider:2 | Killed Ebbomuas's ghost
 82117 | Spider:2 | Identified the +1 hat of Vehumet's Indignation {Harm rN+
                  | Dex+3}
 82576 | Depths:1 | Entered Level 1 of the Depths
 83057 | Depths:1 | Lost mutation: You sometimes lose your temper in combat.
                  | [potion of mutation]
 83057 | Depths:1 | Lost mutation: Your spells are a little easier to cast, but
                  | a little less powerful. [potion of mutation]
 83057 | Depths:1 | Lost mutation: You frequently scream uncontrollably at your
                  | foes. [potion of mutation]
 83057 | Depths:1 | Gained mutation: You are somewhat resistant to further
                  | mutation. [potion of mutation]
 83057 | Depths:1 | Gained mutation: You are partially covered in iridescent
                  | scales. (AC +2) [potion of mutation]
 83058 | Depths:1 | Lost mutation: You are weak. (Str -2) [potion of mutation]
 83058 | Depths:1 | Lost mutation: You occasionally shout uncontrollably at
                  | your foes. [potion of mutation]
 83058 | Depths:1 | Gained mutation: Your body sometimes deteriorates upon
                  | taking damage. [potion of mutation]
 83097 | Depths:1 | Found a one-way gateway to a ziggurat.
 83123 | Depths:1 | Found a gateway to Hell.
 83219 | Depths:1 | Found a bloodstained altar of Trog.
 84240 | Depths:2 | Found a blossoming altar of Fedhas.
 85929 | Depths:2 | Reached XP level 24. HP: 140/193 MP: 39/44
 86194 | Depths:2 | Found a one-way gate leading to the halls of Pandemonium.
 86809 | Depths:3 | Identified the +5 scale mail of Lust {Will+}
 86828 | Depths:3 | Found a glowing golden altar of the Shining One.
 86908 | Depths:3 | Found a one-way gate to the infinite horrors of the Abyss.
 86908 | Depths:3 | Noticed Louise
 86917 | Depths:3 | Killed Louise
 87590 | Depths:3 | Noticed an ancient lich
 87597 | Depths:3 | Noticed an ancient lich
 87605 | Depths:3 | Killed an ancient lich
 87612 | Depths:3 | Killed an ancient lich
 87691 | Depths:3 | Found the +6 Majin-Bo {vamp, MP+6 Int+6}
 87779 | Depths:3 | Paralysed by a vampire knight for 2 turns
 88111 | Depths:4 | Entered Level 4 of the Depths
 88904 | Depths:4 | Found Musuimy's Assorted Antiques.
 88915 | Depths:4 | Bought a scroll of blinking for 367 gold pieces
 88970 | Depths:4 | HP: 4/195 [acid blob (31)]
 88970 | Depths:4 | Splashed by an acid blob's acid

Illustrated notes

Levels and vault maps discovered:
D:1:      dpeg_arrival_rooms_a, layout_basic
D:2:      kb_forest_paths, layout_rooms
D:3:      layout_basic, serial_aquarium, aquarium_bridge_island_small
          [aquarium_subvault_small_water, aquarium_subvault_wall,
          aquarium_subvault_balcony, aquarium_subvault_wall,
          aquarium_subvault_bridge], aquarium_bridge_straight
          [aquarium_subvault_bridge, aquarium_subvault_balcony,
          aquarium_subvault_bridge, aquarium_subvault_wall],
          aquarium_window_corner, aquarium_window_fake, aquarium_window_corner,
          aquarium_window_fake, aquarium_view_4, aquarium_balcony_double_4,
          aquarium_pool_2
D:4:      layout_gridville, fountainhead, uniq_pikel
D:5:      kennysheep_big_flooded_room, layout_loops_corners, zin_angel,
          minmay_temple_entry_antechambers, uniq_crazy_yiuf_cottage
D:6:      layout_rooms, serial_shops, nicolae_shop_hallway_plus,
          due_unseen_surprise
D:7:      layout_loops_corners, nemelex_diamond_rough_becter,
          chequers_mini_garden
D:8:      layout_basic, hellmonk_lair_entry_icy, nicolae_shop_overcharged_wands,
          uniq_erica
D:9:      layout_irregular_city, nicolae_eternal_life,
          kennysheep_generic_room_14
D:10:     layout_cross, nicolae_overflow_crystal_walls, orc_0_dummy
D:11:     layout_irregular_city, uniq_fannar, uniq_sonja, uniq_nergalle
D:12:     layout_basic, uniq_maurice
D:13:     layout_basic, lightli_minifort
D:14:     layout_basic, david_vaults_2, gauntlet_entry_generic, abandoned_shop,
          uniq_josephine
D:15:     gammafunk_enter_depths_forms, layout_loops_ring,
          pdpol_wu_jian_five_deadly_venoms, uniq_jorgrun, uniq_rupert
Temple:   nicolae_temple_bog_church
Lair:1:   layout_layer_cave, basic_altar, grunt_megastairs_4, lemuel_fruit_tree
Lair:2:   cheibrodos_lair_overgrown_chateau, layout_regular_city,
          shoals_dummy_entry, nicolae_spider_entry_orb_guardian,
          grunt_forest_stairs_clearing
Lair:3:   layout_cave_pods, special_room [special_room_mythical_zoo]
Lair:4:   lemuel_slime, layout_gridlike, slime_entry_1
Lair:5:   minmay_lair_end_enchanted_forest, layout_misc_corridors,
          nicolae_lair_grazing_beasts [nicolae_sub_lair_graze_edge,
          nicolae_sub_lair_graze_edge, nicolae_sub_lair_graze_edge,
          nicolae_sub_lair_graze_edge]
Shoals:1: layout_shoals
Shoals:2: nicolae_shoals_mermall, layout_shoals, nicolae_shoals_drake_roost,
          uniq_frances
Shoals:3: layout_shoals, nicolae_shoals_loop_pool
Shoals:4: shoals_end_simple, layout_shoals, nicolae_shoals_land_atoll
Spider:1: cheibrodos_spider_deadly_dance
Spider:2: layout_spider_delve, gammafunk_ghost_tricky_traps,
          nicolae_spider_undead_wolf_pack, uniq_aizul
Spider:3: layout_spider_delve, worms_lemuel, hangedman_spider_tarantella_strand
Spider:4: johnstein_spider_rune_arachne_lair, uniq_kirke
Slime:1:  layout_caves
Slime:2:  layout_caves
Slime:3:  layout_caves
Slime:4:  layout_caves
Slime:5
Orc:1:    layout_caves, basic_altar, mines4_lemuel
Orc:2:    st_orc_elflike, layout_diamond_mine, minmay_orc_temple_b
Elf:1:    cheibrodos_elf_bladeworks, layout_geoelf_octagon, serial_shops,
          nicolae_shop_overgrown_old_shop, evilmike_minifort, uniq_azrael,
          uniq_roxanne
Elf:2:    elven_hall_of_blades_hangedman_original
          [nicolae_blade_entry_floor_patterns], layout_loops_corners,
          serial_shops, nicolae_shop_stone, basic_altar, minivault_4
Elf:3:    grunt_elf_hall_diamonds, layout_gridlike, serial_glass,
          glass_columns_a, glass_columns_a, glass_columns_a, glass_columns_a,
          glass_columns_a, glass_columns_a, glass_columns_a, glass_columns_a,
          due_unseen_surprise, minmay_strange_pillars, feat_on_display,
          st_stairs_6
Vaults:1: hangedman_vaults_corner_blocks, v_rooms_4,
          nicolae_vaults_stairing_the_circle, grunt_vaults_twisty,
          nicolae_vaults_theta, hangedman_vaults_locks, ontoclasm_vaults_fault,
          nicolae_vaults_ring_of_whatevers, hangedman_vaults_trim,
          layout_vaults_omnicross
Vaults:2: hangedman_vaults_stream, nicolae_vaults_little_squares_5,
          vaults_mumra_minichess_inversion, v_misc_14,
          vaults_standard_mumra_enter_the_diamond, nicolae_vaults_little_ls,
          v_pattern_2, ontoclasm_vaults_hangar, ontoclasm_vaults_shuriken,
          layout_vaults_chaotic_city, serial_shops, shop
Vaults:3: ontoclasm_vaults_claustrophobia, minmay_crypt_entry_simple_walls,
          st_cells, v_misc_4, nicolae_vaults_angled_halls,
          nicolae_vaults_network_barrier, nicolae_vaults_hallways_thing,
          hangedman_vaults_hat, vaults_standard_mumra_enter_the_diamond,
          hangedman_vaults_trim, hangedman_vaults_nails, vaults_room_door_ring,
          layout_vaults_omnigrid, serial_shops, shop_scrolls
Vaults:4: vaults_room_hallway, vaults_room_fours, hangedman_vaults_stagger,
          nicolae_vaults_back_hallway, nicolae_vaults_ninety_degrees,
          vaults_room_pool, dpeg_vaults_monster_box, v_misc_23,
          vaults_room_door_hall, ontoclasm_vaults_idyll,
          nicolae_vaults_little_squares_2, nicolae_vaults_theta,
          layout_vaults_ring, serial_shops, shop, uniq_margery
Depths:1: layout_gridlike, enter_ziggurat_e, nicolae_figureground_sparkle,
          hell_entry, trog_three_pillars_becter
Depths:2: kennysheep_six_static_rooms, layout_cave_shapes, pan_entry,
          hell_entry, fedhas_altar_3, hangedman_decor_clover_reticule,
          infiniplex_staircase_spiral_double
Depths:3: minmay_guarded_unrand_majin_bo, layout_honeycomb, tso_metal_star,
          nicolae_abyss_entry_one_way_or_another, hell_entry
Depths:4: lemuel_castle_with_subvaults [lemuel_castle_interior_carwin_3],
          layout_gridlike, serial_shops, shop, shop,
          nicolae_shop_competitors_out_of_business, nicolae_diamond_shop,
          hell_entry, nrook_pool_corridor, special_room [special_room_jelly],
          abyss_entry, hex_tiny, serial_bayou_shore_b, uniq_grunn, uniq_vv,
          uniq_sojobo, uniq_mennas

Skill      XL: |  1  2  3  4  5  6  7  8  9 10 11 12 13 14 15 16 17 18 19 20 21 22 23 24 |
---------------+-------------------------------------------------------------------------+-----
Spellcasting   | 5 6 7 8 9 10 11 12 13 14 15 16 17 | 17.5
Invocations    | 1 2 3 4 5 6 7 8 10 11 12 13 14 15 16 17 18 | 18.2
Short Blades   | 1 2 3 5 6 7 8 9 10 11 12 13 14 15 16 | 16.8
Long Blades    | 1 2 3 5 6 7 8 9 10 11 12 13 14 15 16 | 16.8
Axes           | 1 2 3 5 6 7 8 9 10 11 12 13 14 15 16 | 16.8
Maces & Flails | 1 2 3 5 6 7 8 9 10 11 12 13 14 15 16 | 16.8
Polearms       | 1 2 3 5 6 7 8 9 10 11 12 13 14 15 16 | 16.8
Staves         | 1 2 3 5 6 7 8 9 10 11 12 13 14 15 16 | 16.8
Ranged Weapons | 1 2 3 5 6 7 8 9 10 11 12 13 14 15 16 | 16.8
Throwing       | 1 2 3 5 6 7 8 9 10 11 12 13 14 15 16 | 16.8
Armour         | 1 2 3 5 6 7 8 9 10 11 12 13 14 15 16 | 16.8
Stealth        | 1 2 3 5 6 7 8 9 10 11 12 13 14 15 16 | 16.8
Shields        | 1 2 3 4 5 7 8 10 11 12 13 15 16 17 18 19 20 21 22 | 22.9
Evocations     | 1 2 3 5 6 7 8 9 10 11 12 13 14 15 16 | 16.8
Conjurations   | 1 2 3 4 5 6 7 8 9 10 11 12 13 14 | 14.3
Hexes          | 1 2 3 4 5 6 7 8 9 10 11 12 13 14 | 14.3
Summonings     | 1 2 3 4 5 6 7 8 9 10 11 12 13 14 | 14.3
Necromancy     | 1 2 3 4 5 6 7 8 9 10 11 12 13 14 | 14.3
Translocations | 1 2 3 4 5 6 7 8 9 10 11 12 13 14 | 14.3
Fire Magic     | 1 2 3 4 5 6 7 8 9 10 11 12 13 14 | 14.3
Ice Magic      | 1 2 3 4 5 6 7 8 9 10 11 12 13 14 | 14.3
Air Magic      | 1 2 3 4 5 6 7 8 9 10 11 12 13 14 | 14.3
Earth Magic    | 1 2 3 4 5 6 7 8 9 10 11 12 13 14 | 14.3
Poison Magic   | 1 2 3 4 5 6 7 8 9 10 11 12 13 14 | 14.3
Fighting       | 3 4 5 6 7 8 9 10 11 12 13 14 15 16 17 | 17.0
Transmutations | 4 5 6 7 8 9 10 11 12 13 14 | 14.8
Dodging        | 5 6 7 8 9 10 11 12 13 14 15 16 17 | 17.4
Unarmed Combat | 7 8 9 10 11 12 13 14 15 16 17 | 17.9

Action                   |  1- 3 |  4- 6 |  7- 9 | 10-12 | 13-15 | 16-18 | 19-21 | 22-24 || total
-------------------------+-------+-------+-------+-------+-------+-------+-------+-------++-------
Melee: Unarmed           |    13 |    49 |   254 |   490 |   730 |   801 |   333 |   551 ||  3221
       Kick              |    19 |     6 |       |       |       |       |       |       ||    25
       Headbutt          |    17 |    10 |       |       |       |       |       |       ||    27
       Dagger            |    44 |       |       |       |     6 |       |       |       ||    50
       Bite              |     8 |     4 |       |     1 |     4 |   112 |    96 |   201 ||   426
       Short sword       |    65 |    34 |     1 |     1 |       |       |   194 |       ||   295
       Punch             |       |     1 |       |       |     3 |    77 |    51 |   105 ||   237
       Mace              |       |       |       |       |       |    35 |       |       ||    35
       Long sword        |       |       |       |       |       |       |     4 |   393 ||   397
Throw: Throwing net      |       |       |       |       |       |       |       |     5 ||     5
 Cast: Beastly Appendage |    25 |    11 |       |       |       |       |       |       ||    36
       Wereblood         |     2 |     2 |     6 |    11 |    15 |       |       |       ||    36
       Spider Form       |       |     7 |    25 |     6 |     2 |       |       |       ||    40
       Ice Form          |       |       |    13 |    46 |    81 |    17 |       |       ||   157
       Dispel Undead     |       |       |       |     3 |       |       |    16 |       ||    19
       Summon Lightning  |       |       |       |     1 |   136 |   166 |   133 |    23 ||   459
       Mephitic Cloud    |       |       |       |       |    62 |   194 |   202 |    70 ||   528
       Blade Hands       |       |       |       |       |     9 |   117 |    61 |    65 ||   252
       Irradiate         |       |       |       |       |     5 |    55 |   110 |   148 ||   318
       Airstrike         |       |       |       |       |       |    40 |    49 |   242 ||   331
       Iron Shot         |       |       |       |       |       |    32 |   191 |    38 ||   261
       Lee's Rapid Decon |       |       |       |       |       |    10 |   221 |    96 ||   327
       Sublimation of Bl |       |       |       |       |       |       |    51 |     5 ||    56
Invok: Potion Petition   |       |       |       |     1 |     6 |    16 |     5 |     7 ||    35
Evoke: Wand              |       |       |       |     1 |    18 |    47 |    19 |     2 ||    87
       Box of beasts     |       |       |       |       |     1 |     4 |     5 |     3 ||    13
       Phial of floods   |       |       |       |       |       |     4 |     8 |     1 ||    13
       Phantom mirror    |       |       |       |       |       |     2 |       |     2 ||     4
       Condenser vane    |       |       |       |       |       |       |       |     1 ||     1
  Use: Scroll            |       |     9 |     1 |     6 |    16 |    18 |     9 |     6 ||    65
       Potion            |       |       |     1 |     6 |     6 |    26 |    11 |    11 ||    61
 Stab: Sleeping          |     2 |     3 |     3 |     6 |    12 |       |       |     2 ||    28
       Distracted        |       |       |     1 |     4 |    13 |    19 |     4 |    12 ||    53
       Confused          |       |       |       |       |    15 |    56 |    56 |    36 ||   163
       Invisible         |       |       |       |       |       |     3 |       |       ||     3
Armor: Robe              |    28 |     1 |     1 |     1 |     1 |       |       |       ||    32
       Skin              |       |     1 |    22 |    89 |   148 |    90 |       |       ||   350
       Leather armour    |       |       |       |       |     4 |   308 |   161 |   343 ||   816
Dodge: Dodged            |    72 |    51 |   180 |   398 |   534 |   759 |   421 |   742 ||  3157
Block: Kite shield       |       |       |       |       |       |   163 |   291 |   475 ||   929

Table legend: (Time is in decaauts)
 A = Elapsed time spent in this place.
 B = Non-inter-level travel time spent in this place.
 C = Inter-level travel time spent in this place.
 D = Time resting spent in this place.
 E = Time spent auto-exploring this place.
 F = Levels seen in this place.
 G = Mean time per level.
                   A        B        C        D        E       F      G
               +--------+--------+--------+--------+--------+-----+--------+
         Total |  88505 |  81871 |   6634 |  24385 |  33404 |  50 | 1770.1 |
       Dungeon |  19160 |  16765 |   2395 |    896 |  12975 |  15 | 1277.3 |
        Temple |    189 |    166 |     23 |      0 |    129 |   1 |  189.0 |
          Lair |  10131 |   8828 |   1303 |   1134 |   5739 |   5 | 2026.2 |
        Shoals |   8703 |   8172 |    531 |   2678 |   3006 |   4 | 2175.8 |
   Spider Nest |  12078 |  11492 |    586 |   4470 |   4006 |   4 | 3019.5 |
    Slime Pits |   6265 |   6042 |    223 |   3070 |   1112 |   5 | 1253.0 |
  Orcish Mines |   2462 |   2112 |    350 |    450 |    703 |   2 | 1231.0 |
   Elven Halls |   8684 |   8127 |    557 |   3649 |   1416 |   3 | 2894.7 |
        Vaults |  13258 |  12670 |    588 |   5548 |   1709 |   4 | 3314.5 |
        Depths |   6290 |   6214 |     76 |   2192 |   2400 |   4 | 1572.5 |
         Abyss |    466 |    466 |      0 |      0 |      0 |   2 |  233.0 |
      Gauntlet |    812 |    812 |      0 |    295 |    207 |   1 |  812.0 |
               +--------+--------+--------+--------+--------+-----+--------+

Top non-repeatable levels by time:
Vaults:3: 4958 daAuts
   Elf:2: 4144 daAuts
Spider:4: 3697 daAuts
Spider:3: 3112 daAuts
Shoals:4: 3031 daAuts
   Elf:1: 2963 daAuts
Vaults:2: 2868 daAuts
Vaults:1: 2782 daAuts
Spider:2: 2699 daAuts
  Lair:5: 2697 daAuts
Vaults:4: 2649 daAuts
Spider:1: 2569 daAuts
 Slime:4: 2409 daAuts
  Lair:2: 2262 daAuts
Depths:3: 2211 daAuts
